 Dungeon Crawl Stone Soup version 0.15-a0-86-gda4a099 (webtiles) character file.

161 4tharraofdagon the Chopper (level 4, -3/54 HPs)
             Began as a Demonspawn Berserker on Apr 7, 2014.
             Was a Believer of Trog.
             Killed by divine providence
             ... invoked by an orc priest
              (13 damage)
             ... on Level 4 of the Dungeon.
             The game lasted 00:02:38 (426 turns).

4tharraofdagon the Chopper (Demonspawn Berserker)    Turns: 426, Time: 00:02:38

HP  -3/54        AC  8     Str 24      XL: 4   Next: 36%
MP   4/4         EV  7     Int  8      God: Trog [**....]
Gold 68          SH  0     Dex 12      Spells:  0 memorised,  3 levels left

rFire  . . .     SeeInvis .     a - +0 hand axe
rCold  + . .     Clarity  .     l - +0 chain mail
rNeg   . . .     Conserve .     (no shield)
rPois  .         rCorr    .     (no helmet)
rElec  .         rRot     .     (no cloak)
SustAb . .       Spirit   .     (no gloves)
rMut   .         Warding  .     (no boots)
Saprov . . .     Stasis   .     (no amulet)
MR     ++...                    (no ring)
                                (no ring)

@: regenerating, berserking, lethally poisoned, very quick, very resistant to
hostile enchantments, extremely unstealthy
A: talons 1, cold resistance 1
a: Burn Spellbooks, Berserk, Trog's Hand, Renounce Religion


You were on level 4 of the Dungeon.
You worshipped Trog.
Trog was pleased with you.
You were hungry.

You visited 2 branches of the dungeon, and saw 5 of its levels.

You collected 68 gold pieces.

Inventory:

Hand weapons
 a - a +0,+0 hand axe (weapon)
Armour
 b - a +0 animal skin
 g - a +0 ring mail
 l - a +0 chain mail (worn)
Comestibles
 c - 2 bread rations
 f - an apple
Scrolls
 d - 2 scrolls of recharging
 e - a scroll of fog {unknown}
 h - a scroll of identify
 j - a scroll of random uselessness {unknown}
 m - a scroll of enchant armour {unknown}
 n - a scroll of remove curse {unknown}
Potions
 i - 2 potions of paralysis
 k - a potion of heal wounds {unknown}


   Skills:
 + Level 3.6 Fighting
 * Level 4.0 Axes
 + Level 2.3 Armour
 - Level 1.7 Dodging


You had 3 spell levels left.
You didn't know any spells.

Dungeon Overview and Level Annotations

Branches:
Dungeon (4/15)             Temple (1/1) D:4

Altars:
Ashenzari
Cheibriados
Dithmenos
Elyvilon
Fedhas
Makhleb
Okawaru
Sif Muna
Vehumet
Xom
Yredelemnul
Zin


Innate Abilities, Weirdness & Mutations

You have sharp toenails.
Your flesh is cold resistant.


Message History

You kill the orc!
Trog accepts your kill.
You miss the adder. Your kick misses the adder.
You feel sick.
Unknown command.
Unknown command.
Unknown command.
You slash the adder!
The adder is severely wounded.
The adder barely misses you.
Unknown command.
Unknown command.
You hit the orc priest. Your kick misses the orc priest.
The orc priest is heavily wounded.
You hit the adder.
You kill the adder!
Trog accepts your kill.
Your Axes skill increases to level 4!
The orc priest invokes the aid of Beogh against you.
Something smites you!
You die...

..PP.# #....#...##
.P...#####....#.....#
##...##.............##
##...##......<.........
##...##.....)....###....
........................
........................
...............%)%.......
................@oSo.....
.................o.......
.........<.....!..o.....
........................
<.......................
.......................
####...########...#### #
#...# #...# # #...# ...


You could see 3 orc priests, an adder and an orc.

Vanquished Creatures
  An orc priest (D:4)
  A worker ant (D:4)
  An adder (D:4)
  A giant mite (D:1)
  A giant gecko (D:4)
  4 orcs (D:4)
  3 hobgoblins
  A quokka (D:4)
  A ball python (D:3)
  4 bats
  A giant newt (D:1)
  2 goblins
  2 kobolds
  5 rats
28 creatures vanquished.

Notes
Turn   | Place    | Note
--------------------------------------------------------------
     0 | D:1      | 4tharraofdagon, the Demonspawn Berserker, began the quest for the Orb.
     0 | D:1      | Reached XP level 1. HP: 18/18 MP: 1/1
    14 | D:1      | Gained mutation: You have sharp toenails. [demonic ancestry]
    14 | D:1      | Reached XP level 2. HP: 4/24 MP: 2/2
   278 | D:3      | Acquired Trog's second power
   294 | D:4      | Reached XP level 3. HP: 29/29 MP: 3/3
   341 | D:4      | Found a staircase to the Ecumenical Temple.
   358 | Temple   | Entered the Ecumenical Temple
   423 | D:4      | Gained mutation: Your flesh is cold resistant. [demonic ancestry]
   423 | D:4      | Reached XP level 4. HP: 8/36 MP: 4/4
   426 | D:4      | Reached skill level 4 in Axes
   426 | D:4      | Killed from afar by an orc priest

Action                   |  1- 3 |  4- 6 || total
-------------------------+-------+-------++-------
Melee: Hand axe          |    50 |     3 ||    53
Invok: Berserk           |     3 |       ||     3
       Trog's Hand       |     1 |       ||     1
  Use: Scroll            |     1 |       ||     1
